molly, chaotic female human Rogue ----- |....- ...- --....| ....-- ---.- .....- |.|-- ...<..----- - |.|.-- ..........--.--..^.--- .....................| ............--...G..| ........-----.|@.| ... ...- ----)-- .. --..- |....| ---.- - molly the Rogue Experience level: 6 Strength: 13 Dexterity: 18 Constitution: 12 Intelligence: 10 Wisdom: 10 Charisma: 13 Health: 0(43) Energy: 26(26) Def: 11 Gold: 0 Moves: 4209 Dungeon seed: nMM-RU_Ac6YX-W47 Game ID: molly_1521124288 Your Inventory: Weapons a - an uncursed +0 elven dagger (weapon in hand) b - 12 uncursed +0 daggers (in quiver) n - 4 uncursed +0 daggers o - a blessed +0 elven dagger Armor q - an uncursed +0 dwarvish mithril-coat (being worn) z - an uncursed +0 dwarvish cloak (being worn) H - an uncursed +0 pair of iron shoes (being worn) N - an uncursed +0 orcish helm (being worn) Q - an uncursed +0 dwarvish roundshield (being worn) Comestibles p - 2 uncursed fortune cookies Scrolls s - a blessed scroll of magic mapping Wands g - an uncursed wand of undead turning (0:4) l - an uncursed wand of striking (0:7) O - an uncursed wand of magic missile (0:0) R - an uncursed wand of teleportation (0:7) Tools h - an uncursed skeleton key k - an uncursed lock pick m - 2 blessed tallow candles (0:200) r - a blessed partly used tallow candle (lit) (0:146) t - 6 uncursed tallow candles (0:200) B - an uncursed bag of holding W - an uncursed sack Gems e - 2 uncursed worthless pieces of yellow glass Contents of the bag of holding: 480 gold pieces 11 uncursed +0 daggers an uncursed +0 spear a cursed -2 oilskin cloak an uncursed egg 3 uncursed food rations a blessed scroll of destroy armor an uncursed scroll of identify 2 uncursed scrolls of teleportation an uncursed potion of gain energy an uncursed potion of hallucination an uncursed +0 pick-axe 5 uncursed tallow candles (0:200) 4 uncursed wax candles (0:400) an uncursed aquamarine stone an uncursed dilithium crystal an uncursed opal an uncursed worthless piece of green glass an uncursed worthless piece of orange glass 2 uncursed worthless pieces of violet glass Spells and supernatural/magical abilities: Name Level Category Fail Memory W - pray for help -- divine ? -- Your skills at the end: Fighting Skills Weapon Skills dagger [Skilled] short sword [Basic] Spellcasting Skills Final Attributes: You were piously aligned. You were stealthy. You are dead. Vanquished creatures: a gnome king a human zombie a rope golem a yellow light 5 gnome lords a gnomish wizard a gray ooze a straw golem 2 kittens 6 dwarves a kobold lord a rothe an orc zombie 2 werejackals 3 iguanas a coyote a gas spore 4 hobbits a large kobold 2 giant rats a yellow mold a green mold 22 gnomes 12 garter snakes a gnome zombie a gecko 2 foxes a kobold 2 goblins a sewer rat 8 grid bugs 3 lichens 3 kobold zombies 7 newts 102 creatures vanquished. Voluntary challenges: You used a wielded weapon 135 times, starting on turn 53. You read items or engraved 182 times, starting on turn 57. You never genocided any monsters. You never polymorphed an object. You never changed form. You used no wishes. You never split a pudding. You wrote Elbereth's name 176 times, starting on turn 58. You never violated your personal moral code. Dungeon overview: The Dungeons of Doom: levels 1 to 6 Level 1 a fountain, some sinks a long staircase Level 2 a general store Level 3 a potion shop, a fountain Level 4 stairs to The Gnomish Mines Level 5 a fountain Level 6 The Gnomish Mines: levels 5 to 7 Level 5 stairs to The Dungeons of Doom Level 6 Level 7 <- You were here History has recorded: On T:1 you entered the Dungeons of Doom to retrieve the Amulet of Yendor! On T:64 you reached level 2 of The Dungeons of Doom. On T:646 you reached level 3 of The Dungeons of Doom. On T:735 you reached level 4 of The Dungeons of Doom. On T:743 you advanced to experience level 2. On T:978 you reached level 5 of The Dungeons of Doom. On T:1019 you reached level 1 of The Gnomish Mines. On T:1023 you advanced to experience level 3. On T:1843 you advanced to experience level 4. On T:2182 you advanced to experience level 5. On T:2646 you reached level 2 of The Gnomish Mines. On T:3439 you reached level 6 of The Dungeons of Doom. On T:3715 you advanced to experience level 6. On T:4091 you reached level 3 of The Gnomish Mines. Score breakdown: Gold: 480 ( 9123 points) Experience: 6 levels (12456 points) Exploration: 7 levels ( 14.58%) (10718 points) Discoveries: 5 items ( 1.68%) ( 3885 points) Valuables value: (no points given unless you survive) Artifact value: 0 ( 0 points) Variety of kills: 34 monsters ( 8.92%) ( 8961 points) Turncount: 4209 turns (-1100 points) Survival: died (score multiplied by 80%) Total score: 35234 Latest messages: You are almost hit by a crossbow bolt. You have a little trouble lifting t - 6 candles. The gnome king swings his crossbow. The gnome king misses. You hit the gnome king. The gnome king swings his crossbow. The gnome king hits! You hit the gnome king! The gnome king swings his crossbow. The gnome king hits! You hit the gnome king. The gnome king swings his crossbow. The gnome king hits! The gnome king swings his crossbow. The gnome king hits! You hit the gnome king! The gnome king swings his crossbow. The gnome king hits! You die... The sack is empty. The sack is empty. Final status: Goodbye molly the Rogue, killed by a gnome king... You died in The Gnomish Mines on dungeon level 7 with 35234 points, and 480 pieces of gold, after 4209 moves. You were level 6 with a maximum of 43 hit points when you died.